 Dungeon Crawl Stone Soup version 0.30.1-3-gfc49f6343a (webtiles) character file.

Game seed: 6498550256732377399

49 safid the Chiller (level 3, 0/27 HPs)
             Began as a Merfolk Ice Elementalist on July 25, 2023.
             Slain by an orc priest
             ... wielding a +0 trident
              (6 damage)
             ... on level 3 of the Dungeon.
             The game lasted 00:02:03 (1906 turns).

safid the Chiller (Merfolk Ice Elementalist)        Turns: 1906, Time: 00:02:04

Health: 0/27       AC:  3    Str:  8    XL:     3   Next: 75%
Magic:  6/6        EV: 12    Int: 16    God:
Gold:   100        SH:  0    Dex: 14    Spells: 0/7 levels left

rFire   . . .        f - +0 dagger
rCold   . . .        (no shield)
rNeg    . . .        a - +0 robe
rPois   .            (no helmet)
rElec   .            c - +0 cloak
rCorr   .            (no gloves)
SInv    .            (no boots)
Will    .....        (no amulet)
Stlth   ++           h - +4 ring of slaying
HPRegen 0.24/turn    (no ring)
MPRegen 0.10/turn

%: no passive effects
@: no status effects
A: (nimble swimmer 2), mertail
a: no special abilities


You were on level 3 of the Dungeon.
You visited 1 branch of the dungeon, and saw 3 of its levels.

You collected 100 gold pieces.

Inventory:

Hand Weapons
 f - a +0 dagger (weapon)
Missiles
 j - 4 curare-tipped darts
Armour
 a - a +0 robe (worn)
 c - a +0 cloak (worn)
Jewellery
 h - a +4 ring of slaying (left hand)
Scrolls
 e - a scroll of blinking {unknown}
 g - a scroll of vulnerability {unknown}
 i - a scroll of teleportation {unknown}
 k - a scroll of identify {unknown}
Potions
 b - a potion of magic
 d - 2 potions of brilliance {unknown}
 l - a potion of haste {unknown}


   Skills:
 + Level 1.9 Fighting
 - Level 2.6 Dodging
 - Level 2.1 Stealth
 + Level 2.6 Spellcasting
 + Level 4.9 Ice Magic


You couldn't memorise any spells.
You knew the following spells:

 Your Spells              Type           Power      Damage    Failure   Level
a - Freeze                Ice            68%        1d8       2%          1
b - Frozen Ramparts       Ice            34%        1d6       8%          3
c - Ozocubu's Armour      Ice            17%        N/A       8%          3

Your spell library contained the following spells:

 Spells                   Type           Power      Damage    Failure   Level
 Poisonous Vapours        Pois/Air       4%         N/A       30%         2
 Mephitic Cloud           Conj/Pois/Air  2%         N/A       52%         3
 Portal Projectile        Hex/Tloc       4%         N/A       52%         3
 Tukima's Dance           Hex            2%         N/A       52%         3
 Summon Ice Beast         Ice/Summ       10%        N/A       56%         4
 Freezing Cloud           Conj/Ice/Air   3%         6-21      95%         5
 Blade Hands              Tmut           1%         N/A       99%         5


Dungeon Overview and Level Annotations

Branches:
Dungeon (3/15)

Altars:


Innate Abilities, Weirdness & Mutations

((You are very nimble when in or above water. (Stealth+, EV+, Speed+++)))
Your lower body shifts to a powerful aquatic tail in water.


Message History

Done exploring.
(D) Dungeon
Where to? (Enter - D:2, ? - help)
There is a stone staircase leading down here.
You climb downwards.
Found a scroll labelled XEEBOM RACYLAG.
There is a stone staircase leading up here.
There are monsters nearby!
An orc and an orc wizard come into view.
Found a potion of magic.
Found a stone staircase leading up.
The orc wizard shouts! x2; The orc priest shouts!
The orc wizard points at you and mumbles some strange words.
You are confused.
You are too confused!
Unknown command.
The orc shouts!
The orc priest hits you with a +0 trident.
The orc priest hits you from afar with a +0 trident!
The orc wizard casts a spell.
The orc wizard flickers and vanishes!
Deactivating autopickup; reactivate with Ctrl-A.
You bump into the rock wall.
The orc wizard misses you.
The orc priest hits you from afar with a +0 trident!
* * * LOW HITPOINT WARNING * * *
Unknown command.
You bump into the rock wall.
You feel less confused.
The orc wizard hits you with a +0 dagger.
* * * LOW HITPOINT WARNING * * *
The orc priest closely misses you. The orc attacks as you move away!
The orc hits you with a +0 club.
* * * LOW HITPOINT WARNING * * *
There is a stone staircase leading up here.
Unknown command.
Unknown command.
The orc barely misses you.
The orc wizard casts a spell.
The orc wizard flickers and vanishes!
The orc priest hits you from afar with a +0 trident.
You die...

####### .##
#....!# ....#
#.....#
#...####.....#
####..@##.....#
........o{{....#
#########o?....#
##.....# #.....#
#<....# #.....#
#######


You could see an orc priest and an orc.

Vanquished Creatures
  A worm (D:2)
  6 endoplasms (D:1)
  2 giant cockroaches (D:1)
  6 goblins (D:1)
  6 hobgoblins
  4 kobolds
  2 quokkas
  2 ball pythons (D:1)
  5 bats
  4 frilled lizards
  3 rats
41 creatures vanquished.

Notes
Turn   | Place    | Note
-------+----------+-------------------------------------------
     0 | D:1      | safid the Merfolk Ice Elementalist began the quest for the
                  | Orb.
     0 | D:1      | Reached XP level 1. HP: 13/13 MP: 3/3
   274 | D:1      | Reached XP level 2. HP: 20/20 MP: 3/5
   341 | D:1      | Reached skill level 1 in Fighting
   637 | D:1      | Reached XP level 3. HP: 25/26 MP: 6/6
   654 | D:1      | Learned a level 3 spell: Frozen Ramparts
   972 | D:1      | Learned a level 3 spell: Ozocubu's Armour
  1906 | D:3      | Slain by an orc priest

Illustrated notes

Levels and vault maps discovered:
D:1:      dpeg_arrival_three_same_balls, layout_loops_corners
D:2:      layout_basic
D:3:      layout_rooms, amethyst_killhole, minivault_25

Skill      XL: |  1  2 |
---------------+-------+-----
Fighting       | 1 |  1.9
Dodging        | |  2.6
Stealth        | |  2.1
Spellcasting   | |  2.6
Ice Magic      | |  4.9

Action                     || total
---------------------------++-------
  Melee: Dagger            ||    50
         Unarmed           ||     2
   Cast: Freeze            ||    31
   Stab: Sleeping          ||     6
 Armour: Robe              ||    26
  Dodge: Dodged            ||    47
